 Dungeon Crawl Stone Soup version 0.17-a0-977-g4154171 (webtiles) character file.

70 boffreak the Cudgeler (level 4, -6/42 HPs)
             Began as a Naga Fighter on May 10, 2015.
             Mangled by a gnoll
             ... wielding a +0 flail
              (10 damage)
             ... on level 1 of the Dungeon.
             The game lasted 00:01:45 (2018 turns).

boffreak the Cudgeler (Naga Fighter)                Turns: 2018, Time: 00:01:45

Health: -6/42      AC:  5    Str: 19    XL:     4   Next: 21%
Magic:  4/4        EV:  5    Int:  9    God:
Gold:   44         SH:  8    Dex: 10    Spells: 0 memorised, 3 levels left

rFire  . . .     SeeInvis +     a - +0 flail
rCold  . . .     Clarity  .     b - +0 scale mail
rNeg   . . .     SustAb   .     c - +0 shield
rPois  +         Gourm    .     (no helmet)
rElec  .         Spirit   .     (no cloak)
rCorr  .         Warding  .     (no gloves)
rMut   .         Stasis   .     (no barding)
MR     .....                    (no amulet)
Stlth  ..........               (no ring)
                                (no ring)

@: very slow, not resistant to hostile enchantments, extremely unstealthy
A: see invisible, deformed body, poison resistance, slowness 2, slow metabolism
1, spit poison 2, AC +1
a: Spit Poison


You were on level 1 of the Dungeon.
You were hungry.

You visited 1 branch of the dungeon, and saw 2 of its levels.

You collected 44 gold pieces.

Inventory:

Hand weapons
 a - a +0 flail (weapon)
Armour
 b - a +0 scale mail (worn)
 c - a +0 shield (worn)
Scrolls
 f - 2 scrolls of identify {unknown}
 h - a scroll of enchant weapon {unknown}
 i - a scroll of fear {unknown}
 k - 3 scrolls of teleportation {unknown}
Potions
 d - 2 potions of might
Comestibles
 e - a bread ration
 j - 4 chunks of flesh


   Skills:
 - Level 3.0 Fighting
 * Level 3.4 Maces & Flails
 + Level 2.9 Armour
 + Level 1.2 Dodging
 - Level 2.4 Shields


You had 3 spell levels left.
You didn't know any spells.

Dungeon Overview and Level Annotations

Branches:
Dungeon (2/15)

Altars:


Innate Abilities, Weirdness & Mutations

You cannot wear boots.
Your serpentine skin is tough (AC +1).
You have supernaturally acute eyesight.
Armour fits poorly on your strangely shaped body.
Your system is resistant to poisons.
You cover ground very slowly.
You have a slow metabolism.
You can spit poison.


Message History

* * * LOW HITPOINT WARNING * * *
You block the gnoll's attack. x2
You regained 4 hp, and now have 12/42 hp.
The gnoll hits you but does no damage. You block the gnoll's attack.
The gnoll hits you with a flail!
* * * LOW HITPOINT WARNING * * *
You take 8 damage, and have 5/42 hp.
Found a dagger.
There is a stone staircase leading up here.
You block the gnoll's attack.
You climb upwards.
There is a stone staircase leading down here.
You hit the gnoll but do no damage. The gnoll hits you but does no damage.
Your shield and scale mail prevent you from hitting the gnoll.
You are feeling hungry.
The gnoll hits you with a flail.
* * * LOW HITPOINT WARNING * * *
The gnoll hits you with a flail!
You die...

.........#.#.#.(.......######.#
########.#.#.#.)######.#......#
########.#.#.#..######.#.######
....(....###.#.......#.#.#
........)'...#.#####.#.#.#
.........###########.#.#.#
.........##>.........#.#.#
.........##.##########.#.#
................@#.......#
..........#.####g#.###.###
..........#...(#.#...#.#
#########......#.###.#.# #####
#########.# #.#.# ....#
#...).(.#.# #.#.# ....#
#.#####(#.# #.#.######### ....#
#.# #.#.# #.#.##......#
########.# #.#.###.#.##.###.##


You could see a gnoll.

Vanquished Creatures
  A gnoll (D:1)
  An ooze (D:2)
  A worm (D:2)
  3 giant geckos
  A ball python (D:1)
  4 bats (D:1)
  A giant cockroach (D:1)
  5 hobgoblins
  8 jackals (D:1)
  8 kobolds
  A quokka (D:2)
  3 giant newts (D:1)
  2 goblins
  10 rats
49 creatures vanquished.

Notes
Turn   | Place    | Note
--------------------------------------------------------------
     0 | D:1      | boffreak, the Naga Fighter, began the quest for the Orb.
     0 | D:1      | Reached XP level 1. HP: 21/21 MP: 1/1
   138 | D:1      | Reached XP level 2. HP: 5/28 MP: 2/2
   971 | D:1      | Reached XP level 3. HP: 34/34 MP: 3/3
   995 | D:1      | Reached skill level 1 in Dodging
  1851 | D:2      | Reached XP level 4. HP: 19/42 MP: 4/4
  2018 | D:1      | Mangled by a gnoll

Vault maps used:
D:1:      saegor_arrival_simple_e
D:2:      grunt_temple_overflow_gold_and_silver, item_on_display_b

Action                   |  1- 3 |  4- 6 || total
-------------------------+-------+-------++-------
Melee: Flail             |   146 |    37 ||   183
  Use: Potion            |       |     1 ||     1
  Eat: Chunk             |     2 |       ||     2
